 Dungeon Crawl Stone Soup version 0.23.1 (webtiles) character file.

Game seed: 588525226703086006

55 Borgoz the Skirmisher (level 3, -5/31 HPs)
             Began as a Ghoul Monk on Mar 16, 2019.
             Slain by an iguana (13 damage)
             ... on level 3 of the Dungeon.
             The game lasted 00:02:46 (1322 turns).

Borgoz the Skirmisher (Ghoul Monk)                  Turns: 1322, Time: 00:02:46

Health: -5/31      AC:  5    Str: 14    XL:     3   Next: 93%
Magic:  2/2        EV: 12    Int:  5    God:
Gold:   130        SH:  0    Dex: 12    Spells: 2/2 levels left

rFire    . . .     SeeInvis .   a - +0 short sword
rCold    + . .     Gourm    .   (no shield)
rNeg     + + +     Faith    .   j - +0 leather armour
rPois    ∞         Spirit   .   l - +0 helmet
rElec    .         Reflect  .   (no cloak)
rCorr    .         Harm     .   m - +0 pair of gloves
MR       .....                  (no boots)
Stlth    ++........             (no amulet)
HPRegen  0.00/turn              (no ring)
MPRegen  0.08/turn              (no ring)

@: rotting
A: rotting body, claws 1, carnivore, cold resistance 1, negative energy
resistance 3, inhibited regeneration, torment resistance, unbreathing
a: no special abilities


You were on level 3 of the Dungeon.
You were not hungry.

You visited 1 branch of the dungeon, and saw 3 of its levels.

You collected 130 gold pieces.

Inventory:

Hand Weapons
 a - a +0 short sword (weapon)
Missiles
 d - 2 javelins (quivered)
Armour
 b - a +0 robe
 j - a +0 leather armour (worn)
 l - a +0 helmet (worn)
 m - a +0 pair of gloves (worn)
Scrolls
 e - a scroll of immolation {unknown}
 f - 2 scrolls of teleportation {unknown}
 i - a scroll of identify {unknown}
 o - a scroll of remove curse {unknown}
Potions
 g - a potion of berserk rage {unknown}
 h - a potion of brilliance {unknown}
 k - a potion of might {unknown}
 n - 2 potions of curing {unknown}
Comestibles
 c - 4 rations


   Skills:
 + Level 3.5 Fighting
 * Level 3.2 Short Blades
 * Level 1.3 Armour
 * Level 3.1 Dodging
 + Level 2.4 Stealth


You had 2 spell levels left.
You didn't know any spells.
Your spell library was empty.

Dungeon Overview and Level Annotations

Branches:
Dungeon (3/15)

Altars:
Nemelex Xobeh
Xom
Zin


Innate Abilities, Weirdness & Mutations

Your body is rotting away.
You thrive on raw meat.
You are immune to poison.
You have sharp fingernails.
You are carnivorous and can eat meat at any time.
Your flesh is cold resistant. (rC+)
You are immune to negative energy. (rN+++)
You do not regenerate when monsters are visible.
You are immune to unholy pain and torment.
You can survive without breathing.


Message History

The iguana is lightly wounded.
The iguana bites you but does no damage.
Okay, then.
You hit the iguana.
The iguana is moderately wounded.
The iguana closely misses you.
You barely miss the iguana.
The iguana is moderately wounded.
The iguana bites you.
* * * LOW HITPOINT WARNING * * *
You hit the iguana.
The iguana is moderately wounded.
The iguana closely misses you.
You hit the iguana but do no damage.
The iguana is moderately wounded.
The iguana barely misses you.
You hit the iguana but do no damage.
The iguana is moderately wounded.
The iguana bites you!
You die...

..#... o##....
.##hg.K#+....#...
#.#####g##r.##... #
#.....#g#####... .
+.#.#..##K##....#
#......+wbr#....#
#.#...l##S##....#
#......@###.....# ### #
#...........#...# #..
#...###.###.#...####.###
#.. ..........(.........
# $....###.##.#####.##.
...........##..........
..........#######.#####
.......##. #.#....
....... #. #......


You could see an iguana, an adder, a dart slug, an orc, a jackal, a hobgoblin, 2
goblins, a bat, 2 kobolds and 2 rats.

Vanquished Creatures
  A gnoll (D:3)
  2 worms (D:2)
  4 dart slugs
  A leopard gecko (D:1)
  A giant cockroach (D:1)
  4 hobgoblins
  A ball python (D:1)
  8 bats
  2 frilled lizards (D:2)
  A goblin (D:1)
  2 kobolds
  6 rats
33 creatures vanquished.

Notes
Turn   | Place    | Note
-------+----------+-------------------------------------------
     0 | D:1      | Borgoz the Ghoul Monk began the quest for the Orb.
     0 | D:1      | Reached XP level 1. HP: 19/19 MP: 0/0
   117 | D:1      | Reached XP level 2. HP: 19/26 MP: 1/1
   550 | D:2      | Found a shimmering altar of Xom.
   550 | D:2      | Found a glowing silver altar of Zin.
   551 | D:2      | Found a sparkling altar of Nemelex Xobeh.
   564 | D:2      | Reached XP level 3. HP: 24/31 MP: 2/2
   591 | D:2      | Reached skill level 1 in Armour
   694 | D:2      | HP: 1/31 [worm (11)]
  1322 | D:3      | Slain by an iguana

Skill      XL: |  1  2  3 |
---------------+----------+-----
Short Blades   | 3 |  3.2
Dodging        | 3 |  3.1
Armour         | 1 |  1.3
Fighting       | |  3.5
Stealth        | |  2.4

Action                   || total
-------------------------++-------
Melee: Short sword       ||   146
 Stab: Sleeping          ||     2
  Eat: Chunk             ||    15
Armor: Robe              ||    29
       Leather armour    ||     4
Dodge: Dodged            ||   110
